 Dungeon Crawl Stone Soup version 0.23.2-1-ga50397a (webtiles) character file.

Game seed: 18104646524329039268

1298 Kairos the Chopper (level 8, -6/64 HPs)
             Began as a Formicid Fighter on Apr 21, 2019.
             Was an Initiate of Uskayaw.
             Mangled by an orc warrior
             ... wielding a +0 battleaxe
              (21 damage)
             ... on level 6 of the Dungeon.
             The game lasted 00:07:06 (4751 turns).

Kairos the Chopper (Formicid Fighter)               Turns: 4751, Time: 00:07:07

Health: -6/64      AC: 12    Str: 23    XL:     8   Next: 87%
Magic:  5/8        EV:  8    Int:  8    God:    Uskayaw [......]
Gold:   237        SH: 10    Dex: 10    Spells: 7/7 levels left

rFire    . . .     SeeInvis +   b - +0 hand axe (elec)
rCold    . . .     Gourm    .   c - +0 shield
rNeg     . . .     Faith    .   t - +0 chain mail
rPois    .         Spirit   .   (helmet unavailable)
rElec    .         Reflect  .   v - +0 cloak
rCorr    .         Harm     .   (no gloves)
MR       +....                  m - +0 pair of boots
Stlth    ..........             (no amulet)
HPRegen  0.20/turn              h - ring of protection from magic
MPRegen  0.11/turn              (no ring)

@: no status effects
A: permanent stasis, dig shafts and tunnels, four strong arms, antennae 3
a: Dig, Shaft Self, Renounce Religion


You were on level 6 of the Dungeon.
You worshipped Uskayaw.
Uskayaw was noncommittal.
You were hungry.

You visited 2 branches of the dungeon, and saw 7 of its levels.
You also visited: Sewer.

You collected 237 gold pieces.

Inventory:

Hand Weapons
 a - a +1 war axe
 b - a +0 hand axe of electrocution (weapon)
 l - a +1 spear of freezing
Armour
 c - a +0 shield (worn)
 m - a +0 pair of boots (worn)
 t - a +0 chain mail (worn)
 v - a +0 cloak (worn)
Jewellery
 h - a ring of protection from magic (left hand)
Scrolls
 g - 3 scrolls of enchant armour
 i - a scroll of amnesia
 j - 4 scrolls of fog
 k - 2 scrolls of immolation
 q - 3 scrolls of teleportation
 r - a scroll of enchant weapon
 s - 4 scrolls of remove curse
Potions
 d - 2 potions of might
 e - 5 potions of curing
 n - a potion of agility
 o - a potion of heal wounds
 p - 4 potions of flight
 u - a potion of ambrosia
 w - 2 potions of magic
Comestibles
 f - 11 rations


   Skills:
 + Level 5.7 Fighting
 + Level 6.8 Axes
 + Level 5.3 Armour
 + Level 1.7 Dodging
 + Level 1.5 Stealth
 + Level 6.3 Shields


You had 7 spell levels left.
You didn't know any spells.
Your spell library was empty.

Dungeon Overview and Level Annotations

Branches:
Dungeon (6/15)             Temple (1/1) D:5

Altars:
Ashenzari
Cheibriados
Dithmenos
Elyvilon
Fedhas
Gozag
Hepliaklqana
Kikubaaqudgha
Makhleb
Nemelex Xobeh
Okawaru
Qazlal
Ru
Uskayaw
Vehumet
Wu Jian
Xom
Zin
The Shining One

Shops:
D:5 }


Innate Abilities, Weirdness & Mutations

You cannot be hasted, slowed, berserked, paralysed or teleported.
You can dig through walls and to a lower floor.
Your four strong arms can wield two-handed weapons with a shield.
You have a pair of large antennae on your head. (SInv)


Message History

The orc warrior hits you with a +0 battleaxe!
You hit the orc warrior but do no damage.
The orc warrior is lightly wounded.
You block the orc warrior's attack.
You closely miss the orc warrior.
The orc warrior is lightly wounded.
The orc warrior hits you with a +0 battleaxe!
* * * LOW HITPOINT WARNING * * *
You closely miss the orc warrior.
The orc warrior is lightly wounded.
Your chain mail prevents you from hitting the orc warrior.
The orc warrior is lightly wounded.
You block the orc warrior's attack.
Unknown command.
You stomp with the beat, sending a shockwave through the revelers around you!
The orc warrior is moderately wounded.
You feel somewhat more hungry.
You can no longer stomp with the beat.
The orc warrior hits you with a +0 battleaxe!!
You die...

### { ..# #.# #.# ...
#.# ####o####
#...@...# #######
#.##.##.# #.....#
#.##.# #.....# #.#..#
#.....####.#.##
#.......#.[..###.#
#.......)........#
######.....).########
#..........).#


You could see an orc warrior.

Vanquished Creatures
  Grinder (D:5)
  Eustachio (D:5)
  A sky beast (D:5)
  A centaur (D:5)
  A big kobold (Sewer)
  A howler monkey (D:5)
  2 orc priests
  3 hounds
  A jelly (D:5)
  A bullfrog skeleton (D:5)
  2 orc wizards
  2 iguanas
  2 worker ants (D:4)
  A worker ant zombie (D:5)
  Robin (D:2)
  3 gnolls (D:6)
  11 adders
  2 river rats
  3 oozes
  An adder zombie (D:5)
  2 adder skeletons (D:4)
  4 worms
  5 dart slugs
  6 leopard geckos
  7 orcs
  5 ball pythons
  5 giant cockroaches
  18 goblins
  6 hobgoblins
  3 jackals (D:1)
  5 quokkas
  4 bats
  7 frilled lizards
  12 kobolds
  14 rats
144 creatures vanquished.

Notes
Turn   | Place    | Note
-------+----------+-------------------------------------------
     0 | D:1      | Kairos the Formicid Fighter began the quest for the Orb.
     0 | D:1      | Reached XP level 1. HP: 18/18 MP: 1/1
    31 | D:1      | Reached XP level 2. HP: 17/24 MP: 2/2
   204 | D:1      | Reached XP level 3. HP: 25/30 MP: 3/3
   757 | D:2      | Reached XP level 4. HP: 35/37 MP: 4/4
  1039 | D:2      | Noticed Robin
  1052 | D:2      | Killed Robin
  1215 | D:2      | Found an ornate altar of the Wu Jian Council.
  1293 | D:3      | Reached XP level 5. HP: 15/42 MP: 5/5
  1505 | D:3      | Found a shattered altar of Ashenzari.
  1509 | D:3      | Reached skill level 1 in Dodging
  1680 | D:3      | Found a faded altar of an unknown god.
  1709 | D:3      | Found a sparkling altar of Nemelex Xobeh.
  2096 | D:4      | Reached XP level 6. HP: 43/49 MP: 6/6
  2725 | D:5      | Entered Level 5 of the Dungeon
  2746 | D:5      | Reached XP level 7. HP: 38/55 MP: 7/7
  2887 | D:5      | Found a glowing drain.
  2891 | Sewer    | Entered a sewer
  3065 | Sewer    | Reached skill level 5 in Shields
  3323 | D:5      | Found a staircase to the Ecumenical Temple.
  3390 | Temple   | Entered the Ecumenical Temple
  3501 | Temple   | Became a worshipper of Uskayaw the Reveler
  3584 | D:5      | Noticed Grinder
  3590 | D:5      | Reached * piety under Uskayaw
  3591 | D:5      | Reached skill level 5 in Fighting
  3594 | D:5      | Reached skill level 5 in Axes
  3594 | D:5      | Reached ** piety under Uskayaw
  3603 | D:5      | Reached *** piety under Uskayaw
  3607 | D:5      | Reached **** piety under Uskayaw
  3610 | D:5      | Killed Grinder
  3610 | D:5      | Reached skill level 5 in Armour
  3610 | D:5      | Reached skill level 1 in Stealth
  3610 | D:5      | Reached XP level 8. HP: 14/62 MP: 8/8
  4150 | D:5      | Found Azea's Gadget Shoppe.
  4224 | D:5      | Found a shadowy altar of Dithmenos.
  4532 | D:5      | Noticed Eustachio
  4557 | D:5      | Killed Eustachio
  4751 | D:6      | Mangled by an orc warrior

Skill      XL: |  1  2  3  4  5  6  7  8 |
---------------+-------------------------+-----
Shields        | 4 5 6 |  6.3
Fighting       | 4 5 |  5.7
Axes           | 3 4 5 6 |  6.8
Dodging        | 1 |  1.7
Armour         | 4 5 |  5.3
Stealth        | 1 |  1.5

Action                   |  1- 3 |  4- 6 |  7- 9 || total
-------------------------+-------+-------+-------++-------
Melee: War axe           |    88 |   204 |   263 ||   555
       Hand axe          |       |       |    12 ||    12
Invok: Stomp             |       |       |     1 ||     1
 Abil: Dig               |       |     1 |       ||     1
  Use: Scroll            |     5 |     6 |     2 ||    13
       Potion            |     2 |     3 |       ||     5
 Stab: Paralysed         |       |       |     4 ||     4
  Eat: Chunk             |       |     6 |     4 ||    10
       Ration            |       |       |     1 ||     1
Armor: Scale mail        |    35 |    32 |       ||    67
       Chain mail        |       |    42 |   113 ||   155
Dodge: Dodged            |    27 |    61 |    74 ||   162
Block: Shield            |    49 |   107 |   131 ||   287
